 Dungeon Crawl Stone Soup version 0.28-a0-178-ga708605c5b (webtiles) character file.

Game seed: 10905280331507392353

328 omnomnOMINOUS the Conjurer (level 6, 0/36 (41) HPs)
             Began as an Octopode Hedge Wizard on Aug 17, 2021.
             Was an Initiate of Vehumet.
             Slain by an ogre (15 damage)
             ... on level 4 of the Dungeon.
             The game lasted 00:13:16 (5219 turns).

omnomnOMINOUS the Conjurer (Octopode Hedge Wizard)  Turns: 5219, Time: 00:13:17

HP:   0/36 (41)     AC:  5    Str: 10 (11) XL:     6   Next: 50%
MP:   12/12         EV: 13    Int: 17      God:    Vehumet [......]
Gold: 199           SH:  0    Dex:  9      Spells: 9/13 levels left

rFire   . . .      SeeInvis .   a - +2 dagger (drain)
rCold   . . .      Faith    .   (no shield)
rNeg    . . .      Spirit   .   b - +0 hat
rPois   .          Reflect  .   (no amulet)
rElec   .          Harm     .   d - +4 ring of protection
rCorr   .          Rampage  .   (no ring)
Will    .....      Rnd*Rage +   (no ring)
Stlth   +++.......              (no ring)
HPRegen 0.12/turn               (no ring)
MPRegen 0.13/turn               (no ring)
                                (no ring)
                                (no ring)

@: unable to read, heavily drained
A: almost no armour, amphibious, 8 rings, camouflage 1, gelatinous body 1,
(nimble swimmer 1), tentacles, tentacle spike 1, berserk 1, clumsy 1, dopey 1,
sense surroundings 1, strong 1, inability to read while threatened
a: Renounce Religion


You were on level 4 of the Dungeon.
You worshipped Vehumet.
Vehumet was noncommittal.
You visited 2 branches of the dungeon, and saw 6 of its levels.

You collected 199 gold pieces.

Inventory:

Hand Weapons
 a - a +2 dagger of draining (weapon)
 l - a +2 quarterstaff of chaos
Armour
 b - a +0 hat (worn)
Jewellery
 d - a +4 ring of protection (left tentacle)
Scrolls
 h - a scroll of fog {unknown}
 i - a scroll of magic mapping {unknown}
 j - a scroll of enchant weapon {unknown}
 n - a scroll of identify {unknown}
 p - a scroll of torment {unknown}
Potions
 c - a potion of lignification {unknown}
 e - a potion of flight {unknown}
 f - a potion of degeneration {unknown}
 g - a potion of attraction {unknown}
 k - a potion of berserk rage {unknown}
 m - 2 potions of invisibility {unknown}
 o - 2 potions of haste {unknown}


   Skills:
 + Level 2.4 Fighting
 + Level 3.3 Dodging
 - Level 2.6 Stealth
 + Level 4.0 Spellcasting
 * Level 4.1 Conjurations
 - Level 1.0 Summonings
 - Level 1.0 Translocations


You had 9 spell levels left.
You knew the following spells:

 Your Spells              Type           Power      Damage    Failure   Level
a - Magic Dart            Conj           68%        1d6       3%          1
b - Blink                 Tloc           N/A        N/A       16%         2
c - Apportation           Tloc           12%        N/A       11%         1

Your spell library contained the following spells:

 Spells                   Type           Power      Damage    Failure   Level
 Call Imp                 Summ           6%         N/A       16%         2
 Conjure Flame            Conj/Fire      10%        6-21      21%         3
 Slow                     Hex            3%         N/A       24%         2
 Sublimation of Blood     Necr           1%         N/A       24%         2
 Wereblood                Tmut           3%         N/A       24%         2
 Mephitic Cloud           Conj/Pois/Air  8%         N/A       26%         3
 Ignite Poison            Fire/Tmut/Pois 3%         N/A       43%         3
 Bolt of Magma            Conj/Fire/Erth 4%         4d5       94%         5
 Alistair's Intoxication  Tmut/Pois      2%         N/A       99%         5
 Invisibility             Hex            1%         N/A       100%        6
 Summon Hydra             Summ           3%         N/A       100%        7


Dungeon Overview and Level Annotations

Branches:
Dungeon (5/15)             Temple (1/1) D:4

Altars:
Ashenzari
Cheibriados
Dithmenos
Fedhas
Gozag
Hepliaklqana
Kikubaaqudgha
Makhleb
Okawaru
Sif Muna
Uskayaw
Vehumet
Wu Jian
Xom
Yredelemnul
Zin
The Shining One

Annotations:
D:4 exclusions: black bear and ogre


Innate Abilities, Weirdness & Mutations

You cannot wear most types of armour.
You are amphibious.
You can wear up to eight rings at the same time.
Your skin changes colour to match your surroundings (Stealth+).
Your rubbery body absorbs attacks. (AC +1, EV +1)
((You are camouflaged near water. (Stealth+)))
You have tentacles for arms and can constrict up to eight enemies at once.
One of your tentacles bears a spike.
You tend to lose your temper in combat.
You are clumsy. (Dex -2)
You are dopey. (Int -2)
You passively map a small area around you.
Your muscles are strong. (Str +2)
You sometimes lose the ability to read scrolls when taking damage.


Message History

Your body is suffused with distortional energy.
You feel stronger.
You lose the ability to read scrolls when threatened.
You feel a strange attunement to the structure of the dungeons.
Casting: Blink (safe; 16% risk of failure)
Confirm with . or Enter, or press ? or * to list all spells.
You blink.
There is an open door here.
There is a stone staircase leading up here.
You close the door.
There is a stone staircase leading up here.
You start resting.
Magic restored.
You start resting.
HP restored.
You climb upwards.
Level annotation: exclusions: black bear and ogre The ogre barely misses you.
There is a stone staircase leading down here.
Unknown command.
You hit the ogre.
Your tentacle spike misses the ogre.
The ogre is lightly wounded.
The ogre misses you.
You hit the ogre.
The ogre is moderately wounded.
The ogre barely misses you.
You hit the ogre.
The ogre is heavily wounded.
You hit the ogre.
The ogre is heavily wounded.
The ogre hits you with a +0 giant spiked club!!
Ouch! That really hurt!
You hit the ogre.
The ogre is severely wounded.
The ogre misses you.
You hit the ogre. Your squeeze misses the ogre.
The ogre is severely wounded.
The ogre hits you with a +0 giant spiked club!
You feel threatened and lose the ability to read scrolls!
You die...

....# #..# #.##..#..#.#########.#
.##.# #..# #.....#..............#
.##.# #..# #.##..#.)#.###########
.##.# #..# #.##.......### #
.##.###..###.##..#......####### #
......O.......#..#............###
..............................'##
.##.###..#######.#......(.....###
.##............O@#............# #
###..##..###.....#............###
#..##..# #####.#...............
#..##..# #.#...............
#O.##..# ###..##'#......... #..#
#..##.#....(.... #..#
#########..##.########## ###.K.,
...........##.# ... *
#######.##.##'#####


You could see an ogre.

Vanquished Creatures
  A centaur skeleton (D:5)
  Crazy Yiuf (D:2)
  A hound (D:5)
  2 iguanas (D:5)
  Natasha (thrice) (D:2)
  2 adders
  2 worms
  2 dart slugs
  6 orcs
  6 endoplasms
  2 giant cockroaches
  10 goblins
  9 hobgoblins
  7 jackals
  6 kobolds
  4 quokkas
  6 ball pythons
  4 bats
  3 frilled lizards
  6 rats
83 creatures vanquished.

Notes
Turn   | Place    | Note
-------+----------+-------------------------------------------
     0 | D:1      | omnomnOMINOUS the Octopode Hedge Wizard began the quest for
                  | the Orb.
     0 | D:1      | Reached XP level 1. HP: 11/11 MP: 4/4
   212 | D:1      | Reached XP level 2. HP: 18/18 MP: 1/6
   215 | D:1      | Learned a level 2 spell: Blink
   458 | D:1      | Found a faded altar of an unknown god.
   462 | D:1      | Became a worshipper of Xom of Chaos
   507 | D:1      | Fell from the grace of Xom
   564 | D:1      | XOM: give mutations
   564 | D:1      | Gained mutation: You are weak. (Str -2) [Xom's mischief]
   564 | D:1      | Gained mutation: You tend to lose your temper in combat.
                  | [Xom's mischief]
   781 | D:1      | Reached XP level 3. HP: 22/22 MP: 7/7
   787 | D:1      | Reached skill level 1 in Fighting
  1793 | D:2      | Found a runed translucent door.
  1794 | D:2      | Noticed Crazy Yiuf
  1803 | D:2      | Killed Crazy Yiuf
  1804 | D:2      | Reached XP level 4. HP: 28/28 MP: 6/9
  2005 | D:2      | Found a blossoming altar of Fedhas.
  2043 | D:2      | Noticed Natasha
  2115 | D:2      | Killed Natasha
  2116 | D:2      | Reached XP level 5. HP: 26/34 MP: 3/10
  2296 | D:2      | Noticed Natasha
  2301 | D:2      | Killed Natasha
  2512 | D:2      | Noticed Natasha
  2520 | D:2      | Killed Natasha
  2880 | D:3      | XOM: give mutation
  2880 | D:3      | Gained mutation: One of your tentacles bears a spike.
                  | [Xom's mischief]
  3599 | D:4      | Found a staircase to the Ecumenical Temple.
  3605 | Temple   | Entered the Ecumenical Temple
  3721 | Temple   | Became a worshipper of Vehumet
  3777 | D:4      | Learned a level 1 spell: Apportation
  3784 | D:4      | Noticed an ogre
  4070 | D:4      | XOM: stat loss: -3 Str (4/7)
  4126 | D:4      | Noticed a black bear
  4217 | D:4      | Found a glowing silver altar of Zin.
  4217 | D:4      | Noticed an angel
  4286 | D:4      | Noticed an ogre
  4528 | D:5      | Entered Level 5 of the Dungeon
  4534 | D:5      | Reached XP level 6. HP: 33/39 MP: 11/11
  4824 | D:5      | XOM: give mutations
  4824 | D:5      | Lost mutation: You are weak. (Str -2) [Xom's mischief]
  4824 | D:5      | Gained mutation: You are clumsy. (Dex -2) [Xom's mischief]
  4824 | D:5      | Gained mutation: You are dopey. (Int -2) [Xom's mischief]
  4863 | D:5      | XOM: draining
  4879 | D:5      | XOM: 5-stop teleportation journey
  4988 | D:5      | XOM: summons 4 hostile demons
  4989 | D:5      | Noticed a soul eater
  4989 | D:5      | Noticed a rust devil
  5047 | D:5      | XOM: give mutations
  5047 | D:5      | Gained mutation: Your muscles are strong. (Str +2) [Xom's
                  | mischief]
  5047 | D:5      | Gained mutation: You sometimes lose the ability to read
                  | scrolls when taking damage. [Xom's mischief]
  5047 | D:5      | Gained mutation: You passively map a small area around you.
                  | [Xom's mischief]
  5219 | D:4      | Slain by an ogre

Illustrated notes

Levels and vault maps discovered:
D:1:      wheals_arrival_linesprint, layout_basic, basic_ecumenical_altar,
          minmay_pentomino_z4
D:2:      layout_loops_ring, basic_altar, chequers_serial_rivers_large_b,
          uniq_natasha, uniq_crazy_yiuf_cottage
D:3:      layout_loops_cross, kennysheep_big_empty_room, kennysheep_boxes
D:4:      layout_basic, zin_angel, minmay_temple_entry_tees
D:5:      layout_loops_corners, xom_teletrap_fun
Temple:   eino_wide_crystal_templ

Skill      XL: |  1  2  3  4  5  6 |
---------------+-------------------+-----
Fighting       | 1 2 |  2.4
Conjurations   | 2 3 4 |  4.1
Dodging        | 3 |  3.3
Spellcasting   | 4 |  4.0
Stealth        | |  2.6
Summonings     | |  1.0
Translocations | |  1.0

Action                   |  1- 3 |  4- 6 || total
-------------------------+-------+-------++-------
Melee: Dagger            |    43 |    99 ||   142
       Constrict         |    14 |    24 ||    38
       Tentacles         |     7 |     4 ||    11
       Short sword       |    10 |       ||    10
       Kick              |       |     5 ||     5
 Cast: Magic Dart        |    40 |    45 ||    85
       Blink             |       |     3 ||     3
Invok: Renounce Religion |     1 |       ||     1
 Stab: Sleeping          |     4 |     9 ||    13
Armor: Skin              |    15 |    16 ||    31
Dodge: Dodged            |    28 |    57 ||    85

Table legend: (Time is in decaauts)
 A = Elapsed time spent in this place.
 B = Non-inter-level travel time spent in this place.
 C = Inter-level travel time spent in this place.
 D = Time resting spent in this place.
 E = Time spent auto-exploring this place.
 F = Levels seen in this place.
 G = Mean time per level.
                   A        B        C        D        E       F      G
               +--------+--------+--------+--------+--------+-----+--------+
         Total |   5234 |   5050 |    184 |    830 |   3293 |   6 |  872.3 |
       Dungeon |   5098 |   4954 |    144 |    830 |   3248 |   5 | 1019.6 |
        Temple |    135 |     95 |     40 |      0 |     45 |   1 |  135.0 |
               +--------+--------+--------+--------+--------+-----+--------+

Top non-repeatable levels by time:
     D:2: 1412 daAuts
     D:1: 1267 daAuts
     D:3: 906 daAuts
     D:4: 816 daAuts
     D:5: 696 daAuts
  Temple: 135 daAuts
